 Dungeon Crawl Stone Soup version 0.21-a0-509-gecc5317 (console) character file.

1927 Goblin1989 the Shield-Bearer (level 9, -2/65 HPs)
             Began as a Gnoll Fighter on Nov 29, 2017.
             Was a Priest of Okawaru.
             Slain by Prince Ribbit (7 damage)
             ... on level 7 of the Dungeon.
             The game lasted 00:17:56 (6558 turns).

Goblin1989 the Shield-Bearer (Gnoll Fighter)        Turns: 6558, Time: 00:18:00

Health: -2/65      AC:  9    Str: 23    XL:     9   Next: 17%
Magic:  13/13      EV: 11    Int: 12    God:    Okawaru [***...]
Gold:   157        SH: 11    Dex: 14    Spells: 15/15 levels left

rFire    . . .     SeeInvis .   a - +0 flail
rCold    . . .     Gourm    .   c - +0 shield
rNeg     + . .     Faith    .   b - +0 scale mail
rPois    +         Spirit   .   (helmet restricted)
rElec    .         Reflect  .   l - +0 cloak
rCorr    .         Harm     .   (no gloves)
MR       .....                  (no boots)
Stlth    +.........             (no amulet)
HPRegen  0.20/turn              o - ring of poison resistance
MPRegen  0.13/turn              V - ring of positive energy

@: no status effects
A: distributed training, fangs 1, horns 1, clever 1, frail 1, low mp 1, sense
surroundings 1, evolution 1, strong nose
a: Heroism, Renounce Religion


You were on level 7 of the Dungeon.
You worshipped Okawaru.
Okawaru was most pleased with you.
You were not hungry.

You visited 1 branch of the dungeon, and saw 7 of its levels.
You also visited: Ossuary.

You collected 301 gold pieces.
You spent 144 gold pieces at shops.

Inventory:

Hand Weapons
 a - a +0 flail (weapon)
 h - a +0 hand axe of flaming
 P - a +1 trident of distortion {!w}
Missiles
 i - 154 stones (quivered)
 m - 39 sling bullets
 n - 5 curare-tipped needles
 C - 65 arrows
 G - 12 poisoned needles
 I - 19 bolts
 Z - 2 throwing nets {!d}
Armour
 b - a +0 scale mail (worn)
 c - a +0 shield (worn)
 l - a +0 cloak (worn)
Jewellery
 o - a ring of poison resistance (left hand)
 y - an uncursed ring of wizardry
 V - a ring of positive energy (right hand)
Wands
 z - a wand of polymorph (7)
 A - a wand of acid (11)
 K - a wand of disintegration (9)
Scrolls
 k - 3 scrolls of teleportation {unknown}
 v - a scroll of remove curse {@r2}
 x - a scroll of brand weapon {unknown}
 B - a scroll of blinking
 M - a scroll of magic mapping
 N - 2 scrolls of immolation
 R - 2 scrolls of identify {@r1}
 W - a scroll of amnesia {unknown}
Potions
 d - 2 potions of might
 g - a potion of cancellation
 u - 4 potions of brilliance
 w - 2 potions of invisibility
 D - a potion of flight {unknown}
 F - 2 potions of haste {@q3, !q}
 J - a potion of experience {unknown}
 L - a potion of resistance {unknown}
 T - a potion of curing {@q1}
 U - a potion of agility
 X - a potion of lignification
 Y - a potion of heal wounds
Books
 E - a book of Maledictions

   Spells                             Type                      Level
   a - Corona                         Hexes                        1
   b - Ensorcelled Hibernation        Hexes/Ice                    2
   c - Confuse                        Hexes                        3
   d - Tukima's Dance                 Hexes                        3
   e - Dazzling Spray                 Conjuration/Hexes            3
 Q - a book of Necromancy

   Spells                             Type                      Level
   a - Pain                           Necromancy                   1
   b - Animate Skeleton               Necromancy                   1
   c - Vampiric Draining              Necromancy                   3
   d - Regeneration                   Charms/Necromancy            3
   e - Animate Dead                   Necromancy                   4
   f - Control Undead                 Necromancy                   4
Comestibles
 e - 6 bread rations {@e1}
 p - 2 meat rations {@e2}
 H - 6 chunks of flesh
 O - a royal jelly
 S - 2 fruits


   Skills:
 + Level 7.7 Fighting
 + Level 3.9 Short Blades
 + Level 3.9 Long Blades
 + Level 3.9 Axes
 + Level 6.1 Maces & Flails
 + Level 3.9 Polearms
 + Level 3.9 Staves
 + Level 3.9 Slings
 + Level 3.9 Bows
 + Level 3.9 Crossbows
 + Level 3.9 Throwing
 + Level 7.7 Armour
 + Level 3.9 Dodging
 + Level 3.9 Stealth
 + Level 7.7 Shields
 + Level 3.9 Unarmed Combat
 + Level 3.9 Spellcasting
 + Level 3.2 Conjurations
 + Level 3.2 Hexes
 + Level 3.2 Charms
 + Level 3.2 Summonings
 + Level 3.2 Necromancy
 + Level 3.2 Translocations
 + Level 3.2 Transmutations
 + Level 3.2 Fire Magic
 + Level 3.2 Ice Magic
 + Level 3.2 Air Magic
 + Level 3.2 Earth Magic
 + Level 3.2 Poison Magic
 + Level 4.3 Invocations
 + Level 3.9 Evocations


You had 15 spell levels left.
You didn't know any spells.

Dungeon Overview and Level Annotations

Branches:
Dungeon (7/15)             Temple (0/1) D:4

Altars:
Ashenzari
Elyvilon
Gozag
Kikubaaqudgha
Okawaru
Ru
Trog
The Shining One

Shops:
D:4 !

Annotations:
D:7 Prince Ribbit


Innate Abilities, Weirdness & Mutations

Your experience applies equally to all skills.
You have very sharp teeth.
Your uncanny sense of smell can sniff out nearby items.
You have a pair of small horns on your head.
Your mind is acute. (Int +2)
You are frail. (-10% HP)
Your magical capacity is low. (-10% MP)
You passively map a small area around you.
You evolve.


Message History

You now have 11/13 mp.
You closely miss the orc. You headbutt the orc, but do no damage.
Prince Ribbit blinks!
The orc closely misses you.
You hit the orc. You headbutt the orc. Your bite misses the orc.
The orc is heavily wounded.
The orc warrior hits you from afar with a trident!
You block the orc's attack.
You take 17 damage, and have 48/65 hp.
MASSIVE DAMAGE!!
You hit the orc but do no damage. You headbutt the orc, but do no damage.
The orc is heavily wounded.
You block the orc warrior's attack. The orc barely misses you.
You hit the orc. You headbutt the orc.
You kill the orc!
Okawaru accepts your kill.
The orc warrior hits you from afar with a trident!
You take 9 damage, and have 39/65 hp.
Prince Ribbit blinks!
The orc warrior misses you.
Things that are here:
a hand axe; a leather armour; an orc corpse You closely miss the orc warrior.
Your headbutt misses the orc warrior.
You bite the orc warrior, but do no damage.
You hit the orc warrior but do no damage.
You block the orc warrior's attack.
You hit the orc warrior but do no damage.
You headbutt the orc warrior.
The orc warrior is lightly wounded.
The orc warrior hits you with a trident!
* * * LOW HITPOINT WARNING * * *
You take 13 damage, and have 27/65 hp.
You hit the orc warrior but do no damage.
The orc warrior is lightly wounded.
You block the orc warrior's attack.
You completely miss the orc warrior. Your headbutt misses the orc warrior.
Your bite misses the orc warrior.
The orc warrior is lightly wounded.
Prince Ribbit blinks!
You block the orc warrior's attack.
You closely miss the orc warrior.
You bite the orc warrior, but do no damage.
The orc warrior is lightly wounded.
You hit the orc warrior. You headbutt the orc warrior.
You bite the orc warrior, but do no damage.
The orc warrior is moderately wounded.
You block the orc warrior's attack.
You sock the orc warrior!
The orc warrior is almost dead.
You block the orc warrior's attack.
You hit the orc warrior.
You headbutt the orc warrior, but do no damage.
The orc warrior is almost dead.
You block the orc warrior's attack.
You hit the orc warrior.
The orc warrior is almost dead.
Prince Ribbit catches a butterfly with his tongue.
The orc warrior hits you with a trident!
* * * LOW HITPOINT WARNING * * *
You take 7 damage, and have 21/65 hp.
You hit the orc warrior.
You kill the orc warrior!
Okawaru accepts your kill.
MP restored: 13 You closely miss the orc.
You block the orc's attack.
You hit the orc. Your headbutt misses the orc.
The orc is lightly wounded.
Prince Ribbit blinks!
You block the orc's attack.
You thump the orc!
You kill the orc!
Okawaru accepts your kill.
Items here: $ ( )) [ † You feel like a meek peon again.
Prince Ribbit asks, "Just a little smooch?"
You block Prince Ribbit's attack.
Things that are here:
a hand axe; a leather armour; an orc corpse You hit Prince Ribbit.
You headbutt Prince Ribbit.
Prince Ribbit is lightly wounded.
You block Prince Ribbit's attack.
Prince Ribbit hits you but does no damage.
You hit Prince Ribbit.
Prince Ribbit is moderately wounded.
Prince Ribbit barely misses you.
You miss Prince Ribbit.
Prince Ribbit is moderately wounded.
Prince Ribbit hits you!
* * * LOW HITPOINT WARNING * * *
Prince Ribbit blinks!
You take 15 damage, and have 7/65 hp.
MASSIVE DAMAGE!!
Unknown command.
You feel better.
You regained 10 hp, and now have 17/65 hp.
Prince Ribbit lets out a mournful croak.
Prince Ribbit hits you.
* * * LOW HITPOINT WARNING * * *
You take 1 damage, and have 16/65 hp.
You hit Prince Ribbit. You headbutt Prince Ribbit.
Your bite misses Prince Ribbit.
Prince Ribbit is heavily wounded.
Prince Ribbit hits you!
* * * LOW HITPOINT WARNING * * *
Prince Ribbit hits you!
You die...

█..████
▓██.████████ ▓ ...█
▓ █.......█ ...███
█.██████.█ ∆∆
...█.██ ██▓ █.█ ∆
......██ █.█ ∆∆∆
██.....██ █.█
........██ █.█
█........███████.██
............)).F@.█
........█████████.█
██..o.█.█ ████.█ ·
██.█.██.█ █....█ ▓
██.█.██.█ ▓


█<████ ▓ ▓ ██.█.██..·· █.█ .F...████ ··..█ ▓ ██.███ ██.█ · ██.█ █.█ · You could
see Prince Ribbit.

Vanquished Creatures
  The ghost of torrenera the Chopper, an amateur DsFi (D:4)
  Sigmund (D:3)
  An orc warrior (D:7)
  3 phantoms
  A sky beast (D:7)
  A bullfrog (D:6)
  A scorpion (D:4)
  A water moccasin skeleton (D:4)
  A howler monkey (D:5)
  A crimson imp (D:5)
  A quasit (D:6)
  A centaur zombie (Ossuary)
  4 hounds
  2 human zombies (Ossuary)
  An orc priest (D:4)
  A jelly (D:5)
  A bullfrog skeleton (D:4)
  An iguana (D:5)
  3 orc wizards
  2 worker ants
  A big kobold zombie (Ossuary)
  A hound zombie (D:5)
  4 mummies (Ossuary)
  A howler monkey zombie (D:5)
  6 gnolls
  10 adders
  2 oozes (D:2)
  An adder skeleton (D:4)
  An adder zombie (D:5)
  A dart slug (D:1)
  A leopard gecko (D:1)
  18 orcs
  3 giant cockroaches
  A gnoll zombie (Ossuary)
  7 goblins
  8 hobgoblins
  19 jackals
  3 quokkas
  4 ball pythons
  10 bats
  9 frilled lizards
  A goblin zombie (Ossuary)
  A hobgoblin zombie (Ossuary)
  A jackal skeleton (D:4)
  9 kobolds
  A kobold zombie (Ossuary)
  A quokka skeleton (D:5)
  9 rats
163 creatures vanquished.

Notes
Turn   | Place    | Note
-------+----------+-------------------------------------------
     0 | D:1      | Goblin1989 the Gnoll Fighter began the quest for the Orb.
     0 | D:1      | Reached XP level 1. HP: 23/23 MP: 1/1
    61 | D:1      | Reached XP level 2. HP: 29/29 MP: 2/2
   302 | D:1      | Reached XP level 3. HP: 35/35 MP: 3/3
   620 | D:1      | Reached skill level 1 in Invocations
   875 | D:2      | Reached skill level 1 in Short Blades
   875 | D:2      | Reached skill level 1 in Long Blades
   875 | D:2      | Reached skill level 1 in Axes
   875 | D:2      | Reached skill level 1 in Polearms
   875 | D:2      | Reached skill level 1 in Staves
   875 | D:2      | Reached skill level 1 in Slings
   875 | D:2      | Reached skill level 1 in Bows
   875 | D:2      | Reached skill level 1 in Crossbows
   875 | D:2      | Reached skill level 1 in Throwing
   875 | D:2      | Reached skill level 1 in Dodging
   875 | D:2      | Reached skill level 1 in Stealth
   875 | D:2      | Reached skill level 1 in Unarmed Combat
   875 | D:2      | Reached skill level 1 in Spellcasting
   875 | D:2      | Reached skill level 1 in Evocations
   972 | D:2      | Reached XP level 4. HP: 41/41 MP: 5/5
   993 | D:2      | Found an iron altar of Okawaru.
  1015 | D:2      | Became a worshipper of Warmaster Okawaru
  1532 | D:2      | Reached skill level 1 in Conjurations
  1532 | D:2      | Reached skill level 1 in Hexes
  1532 | D:2      | Reached skill level 1 in Charms
  1532 | D:2      | Reached skill level 1 in Summonings
  1532 | D:2      | Reached skill level 1 in Necromancy
  1532 | D:2      | Reached skill level 1 in Translocations
  1532 | D:2      | Reached skill level 1 in Transmutations
  1532 | D:2      | Reached skill level 1 in Fire Magic
  1532 | D:2      | Reached skill level 1 in Ice Magic
  1532 | D:2      | Reached skill level 1 in Air Magic
  1532 | D:2      | Reached skill level 1 in Earth Magic
  1532 | D:2      | Reached skill level 1 in Poison Magic
  1540 | D:2      | Found an ancient bone altar of Kikubaaqudgha.
  1986 | D:3      | Reached XP level 5. HP: 47/47 MP: 6/6
  2526 | D:3      | Noticed Sigmund
  2552 | D:3      | Killed Sigmund
  2552 | D:3      | Reached * piety under Okawaru
  2552 | D:3      | Reached skill level 5 in Maces & Flails
  2552 | D:3      | Reached XP level 6. HP: 34/53 MP: 7/9
  2824 | D:4      | Found a staircase to the Ecumenical Temple.
  2826 | D:4      | Noticed a phantom
  2870 | D:4      | Found a sand-covered staircase.
  2877 | Ossuary  | Entered an ossuary
  3105 | Ossuary  | Reached XP level 7. HP: 54/59 MP: 10/10
  3619 | D:4      | Found Oxuet's Distillery.
  3624 | D:4      | Bought a potion of curing for 36 gold pieces
  3624 | D:4      | Bought a potion of lignification for 36 gold pieces
  3624 | D:4      | Bought a potion of heal wounds for 60 gold pieces
  3624 | D:4      | Bought a potion of degeneration for 12 gold pieces
  3843 | D:4      | Reached ** piety under Okawaru
  4068 | D:4      | Noticed torrenera's ghost (amateur DsFi)
  4114 | D:4      | Killed torrenera's ghost
  4114 | D:4      | Reached XP level 8. HP: 60/67 MP: 9/12
  4694 | D:5      | Entered Level 5 of the Dungeon
  4737 | D:5      | Found a glowing golden altar of the Shining One.
  4842 | D:5      | Reached *** piety under Okawaru
  4948 | D:5      | Found a sacrificial altar of Ru.
  5047 | D:5      | Found a shattered altar of Ashenzari.
  5143 | D:5      | Found a bloodstained altar of Trog.
  5143 | D:5      | Found a white marble altar of Elyvilon.
  5756 | D:6      | Found an opulent altar of Gozag.
  6115 | D:6      | Reached XP level 9. HP: 69/72 MP: 14/14
  6205 | D:7      | Noticed Prince Ribbit
  6345 | D:7      | Gained mutation: You are frail. (-10% HP) [mutagenic meat]
  6346 | D:7      | Gained mutation: You passively map a small area around you. [mutagenic meat]
  6347 | D:7      | Gained mutation: You have a pair of small horns on your head. [mutagenic meat]
  6348 | D:7      | Gained mutation: Your magical capacity is low. (-10% MP) [mutagenic meat]
  6349 | D:7      | Gained mutation: You evolve. [mutagenic meat]
  6350 | D:7      | Gained mutation: Your mind is acute. (Int +2) [mutagenic meat]
  6558 | D:7      | Slain by Prince Ribbit

Vault maps used:
D:1:      dpeg_arrival_ternary, st_stairs_5
D:2:      okawaru_trees_1, lemuel_round_altar
D:3:      first_bread, nrook_mini_backslash, uniq_sigmund
D:4:      minmay_temple_entry_grid, chequers_ossuary_entry_cave, serial_shops,
          shop
D:5:      nicolae_ashenzari_panopticon, nicolae_ru_awakened_eye,
          old_standard_altar, gammafunk_temple_overflow_pools
D:6:      kennysheep_little_box
D:7:      lemuel_coloured_pillars_altar, grunt_ogre_cave, uniq_duvessa,
          uniq_pikel, uniq_prince_ribbit1
Ossuary:  ossuary_crypta

Skill      XL: |  1  2  3  4  5  6  7  8  9 |
---------------+----------------------------+-----
Invocations    | 1 2 3 4 |  4.3
Short Blades   | 1 2 3 |  3.9
Long Blades    | 1 2 3 |  3.9
Axes           | 1 2 3 |  3.9
Polearms       | 1 2 3 |  3.9
Staves         | 1 2 3 |  3.9
Slings         | 1 2 3 |  3.9
Bows           | 1 2 3 |  3.9
Crossbows      | 1 2 3 |  3.9
Throwing       | 1 2 3 |  3.9
Dodging        | 1 2 3 |  3.9
Stealth        | 1 2 3 |  3.9
Unarmed Combat | 1 2 3 |  3.9
Spellcasting   | 1 2 3 |  3.9
Evocations     | 1 2 3 |  3.9
Conjurations   | 1 2 3 |  3.2
Hexes          | 1 2 3 |  3.2
Charms         | 1 2 3 |  3.2
Summonings     | 1 2 3 |  3.2
Necromancy     | 1 2 3 |  3.2
Translocations | 1 2 3 |  3.2
Transmutations | 1 2 3 |  3.2
Fire Magic     | 1 2 3 |  3.2
Ice Magic      | 1 2 3 |  3.2
Air Magic      | 1 2 3 |  3.2
Earth Magic    | 1 2 3 |  3.2
Poison Magic   | 1 2 3 |  3.2
Maces & Flails | 5 6 |  6.1
Fighting       | 7 |  7.7
Armour         | 7 |  7.7
Shields        | 7 |  7.7

Action                   |  1- 3 |  4- 6 |  7- 9 || total
-------------------------+-------+-------+-------++-------
Melee: Flail             |    92 |   180 |   364 ||   636
       Bite              |     5 |    23 |    46 ||    74
       Hand axe          |     1 |       |       ||     1
       Headbutt          |       |       |     9 ||     9
Invok: Heroism           |       |       |     3 ||     3
  Use: Potion            |       |     1 |     1 ||     2
       Scroll            |       |     7 |     5 ||    12
 Stab: Distracted        |       |     1 |       ||     1
       Sleeping          |       |       |     1 ||     1
  Eat: Chunk             |       |     6 |    16 ||    22
       Fruit             |       |       |     3 ||     3
Armor: Scale mail        |    46 |    61 |   117 ||   224
Dodge: Dodged            |    26 |    55 |    98 ||   179
Block: Shield            |    66 |   102 |   157 ||   325

Table legend:
 A = Spawn XP
 B = Non-spawn XP
 C = Spawn XP percentage of total XP
 D = Spawn monster count
 E = Non-spawn monster count
 F = Spawn count percentage of total count
 G = Total turns spent on level
                    A         B        C        D         E        F      G
               +---------+---------+-------+---------+---------+-------+---------
         Total |       0 |    2753 |   0.0 |       0 |     163 |   0.0 |  6558
               +---------+---------+-------+---------+---------+-------+---------
           D:1 |       0 |      71 |   0.0 |       0 |      28 |   0.0 |   828
           D:2 |       0 |      64 |   0.0 |       0 |      28 |   0.0 |   984
           D:3 |       0 |     366 |   0.0 |       0 |      33 |   0.0 |   999
           D:4 |       0 |     733 |   0.0 |       0 |      16 |   0.0 |  1450
           D:5 |       0 |     568 |   0.0 |       0 |      19 |   0.0 |   782
           D:6 |       0 |     349 |   0.0 |       0 |      17 |   0.0 |   738
           D:7 |       0 |     366 |   0.0 |       0 |      10 |   0.0 |   318
       Ossuary |       0 |     236 |   0.0 |       0 |      12 |   0.0 |   459
               +---------+---------+-------+---------+---------+-------+---------

Vault maps used:
D:1:      dpeg_arrival_ternary, st_stairs_5
D:2:      okawaru_trees_1, lemuel_round_altar
D:3:      first_bread, nrook_mini_backslash, uniq_sigmund
D:4:      minmay_temple_entry_grid, chequers_ossuary_entry_cave, serial_shops,
          shop
D:5:      nicolae_ashenzari_panopticon, nicolae_ru_awakened_eye,
          old_standard_altar, gammafunk_temple_overflow_pools
D:6:      kennysheep_little_box
D:7:      lemuel_coloured_pillars_altar, grunt_ogre_cave, uniq_duvessa,
          uniq_pikel, uniq_prince_ribbit1
Ossuary:  ossuary_crypta
